 Dungeon Crawl Stone Soup version 0.17-a0-1945-gfe993df (webtiles) character file.

493 mcbry74 the Magician (level 6, 0/32 HPs)
             Began as a Deep Elf Wizard on Sept 30, 2015.
             Was a Follower of Ru.
             Slain by an adder (4 damage)
             ... on level 5 of the Dungeon.
             The game lasted 00:54:36 (6388 turns).

mcbry74 the Magician (Deep Elf Wizard)              Turns: 6388, Time: 00:54:36

Health: 0/32       AC:  6    Str:  5    XL:     6   Next: 92%
Magic:  9/17       EV: 13    Int: 24    God:    Ru [*.....]
Gold:   243        SH:  0    Dex: 13    Spells: 6 memorised, 5 levels left

rFire  . . .     SeeInvis .     r - staff of poison
rCold  . . .     Clarity  .     a - +0 robe
rNeg   . . .     SustAt   .     (no shield)
rPois  +         Gourm    .     o - +1 helmet
rElec  .         Spirit   .     (no cloak)
rCorr  .         Warding  .     (no gloves)
rMut   .         Stasis   .     (no boots)
MR     .....                    (no amulet)
Stlth  +++.......               (no ring)
                                x - ring of poison resistance

@: no scrolls, not resistant to hostile enchantments, fairly stealthy
A: yellow scales 1, inability to read while threatened
a: Renounce Religion


You were on level 5 of the Dungeon.
You worshipped Ru.
Ru was aware of your devotion.
You were not hungry.

You visited 1 branch of the dungeon, and saw 5 of its levels.

You collected 243 gold pieces.

Inventory:

Hand weapons
 v - a +2 dagger of draining
Missiles
 e - 129 stones
 q - 7 tomahawks (quivered)
 t - 5 poisoned needles
 w - 2 throwing nets
Armour
 a - a +0 robe (worn)
 b - a +0 hat
 o - a +1 helmet (worn)
Magical staves
 r - an uncursed staff of poison (weapon)
Jewellery
 h - an uncursed ring of ice {unknown}
 x - a ring of poison resistance (left hand)
 y - an uncursed amulet of stasis
Magical devices
 B - a wand of fire (8)
Scrolls
 d - a scroll of random uselessness
 f - 3 scrolls of identify
 g - 3 scrolls of remove curse
 i - 2 scrolls of noise
 p - a scroll of magic mapping
 u - a scroll of recharging
Potions
 j - 2 potions of haste
 n - 2 potions of curing
 s - 2 potions of poison {unknown}
 z - a potion of magic
 C - a potion of resistance
Books
 c - a book of Minor Magic

   Spells                             Type                      Level
   a - Magic Dart                     Conjuration                  1
   b - Blink                          Translocation                2
   c - Call Imp                       Summoning                    2
   d - Repel Missiles                 Charms/Air                   2
   e - Slow                           Hexes                        2
   f - Conjure Flame                  Conjuration/Fire             3
   g - Mephitic Cloud                 Conjuration/Poison/Air       3
Comestibles
 k - a fruit
 l - 2 meat rations
 m - 2 beef jerkies


   Skills:
 - Level 0.2 Short Blades
 + Level 2.2 Throwing
 + Level 3.3 Dodging
 + Level 4.6 Stealth
 + Level 6.9 Spellcasting
 * Level 3.4 Conjurations
 + Level 1.5 Summonings
 + Level 1.1 Translocations
 + Level 1.3 Air Magic
 + Level 1.3 Poison Magic


You had 5 spell levels left.
You knew the following spells:

 Your Spells              Type           Power        Failure   Level  Hunger
a - Magic Dart            Conj           ###.         1%          1    None
b - Call Imp              Summ           ###.....     8%          2    None
c - Blink                 Tloc           N/A          10%         2    None
d - Mephitic Cloud        Conj/Pois/Air  ####....     12%         3    None
e - Conjure Flame         Conj/Fire      ###.....     14%         3    None
f - Repel Missiles        Chrm/Air       ##....       12%         2    None


Dungeon Overview and Level Annotations

Branches:
Dungeon (5/15)
 Temple: D:4-7

Altars:
Cheibriados
Makhleb
Okawaru
Ru
Trog
Zin

Annotations:
D:1 unclaimed schwag
D:5 nago's ghost, experienced OpBe


Innate Abilities, Weirdness & Mutations

You cannot read scrolls while threatened.
You are partially covered in yellow scales (AC +2).


Message History

* * * LOW HITPOINT WARNING * * *
The giant frog zombie hits you but does no damage.
Casting: Magic Dart
Confirm with . or Enter, or press ? or * to list all spells.
Okay, then.
Casting: Magic Dart
Confirm with . or Enter, or press ? or * to list all spells.
You blink.
You can read scrolls again.
The giant frog zombie completely misses you.
A phantom comes into view.
The giant frog zombie hits you.
* * * LOW HITPOINT WARNING * * *
The centaur wields an uncursed shortbow.
The centaur shoots an arrow.
The arrow barely misses you.
The centaur shoots an arrow.
The arrow hits you.
You feel threatened and lose the ability to read scrolls!
* * * LOW HITPOINT WARNING * * *
The adder bites you.
You die...

##(.......#####......<.###.....#
#.<........#...........##......#
..#...........#.########........#
# .#...#######..##c......##.....#
#....########.##..########.....#
...... .......(..### ##W..##
#...c.########.#....# #.### ...
.!. ###...#.S.†# #.# ... ....
.......@...# #####.####
l.....#.....# #.........
.....###(.Z.# #.........
.#.#..##..S.####.........
#.##.##.....W.W......... ..
#.>..##.....###......#.# ...
#...........# #......... ....
#.##....## ####...#.# ........##
##..W##..####.........


You could see a centaur, nago's ghost, 2 adders and a giant frog zombie.

Vanquished Creatures
  An ice beast (D:5)
  A phantom (D:5)
  A scorpion (D:4)
  A hound (D:4)
  An iguana (D:4)
  4 gnolls (D:4)
  4 adders
  3 river rats (D:4)
  An ooze (D:1)
  An adder skeleton (D:5)
  2 worms
  7 orcs
  8 bats
  17 goblins
  6 hobgoblins
  5 jackals (D:1)
  3 quokkas
  2 giant cockroaches (D:3)
  3 giant geckos
  4 giant newts
  A jackal zombie (D:5)
  7 kobolds
  A quokka skeleton (D:4)
  7 rats
91 creatures vanquished.

Vanquished Creatures (collateral kills)
  An adder (D:2)
  A giant gecko (D:3)
  A giant cockroach (D:1)
  A hobgoblin (D:1)
  A rat (D:3)
5 creatures vanquished.

Vanquished Creatures (others)
  2 plants (D:4)
2 creatures vanquished.

Grand Total: 98 creatures vanquished

Notes
Turn   | Place    | Note
--------------------------------------------------------------
     0 | D:1      | mcbry74 the Deep Elf Wizard began the quest for the Orb.
     0 | D:1      | Reached XP level 1. HP: 10/10 MP: 7/7
   438 | D:1      | Reached skill level 5 in Spellcasting
   438 | D:1      | Reached XP level 2. HP: 10/15 MP: 0/10
   736 | D:1      | Learned a level 2 spell: Call Imp
   949 | D:1      | Learned a level 2 spell: Blink
  1511 | D:1      | unclaimed schwag
  1539 | D:2      | Reached XP level 3. HP: 19/19 MP: 7/11
  1544 | D:2      | Learned a level 3 spell: Mephitic Cloud
  1548 | D:2      | Learned a level 3 spell: Conjure Flame
  2393 | D:2      | Found a burning altar of Makhleb.
  2393 | D:2      | Found an iron altar of Okawaru.
  2394 | D:2      | Found a glowing silver altar of Zin.
  2461 | D:2      | Found a bloodstained altar of Trog.
  2461 | D:2      | Found a sacrificial altar of Ru.
  2481 | D:2      | Became a worshipper of Ru the Awakened
  2842 | D:3      | Reached XP level 4. HP: 24/24 MP: 11/13
  2846 | D:3      | Learned a level 2 spell: Repel Missiles
  3084 | D:3      | Gained mutation: You are partially covered in yellow scales (AC +2). [potion of beneficial mutation]
  4003 | D:4      | Gained mutation: You cannot read scrolls while threatened. [Ru sacrifice]
  4003 | D:4      | Acquired Ru's first power
  4599 | D:5      | Entered Level 5 of the Dungeon
  4660 | D:4      | Reached skill level 6 in Spellcasting
  4676 | D:4      | Reached XP level 5. HP: 28/28 MP: 9/15
  4777 | D:4      | Reached skill level 1 in Throwing
  5251 | D:4      | Found a snail-covered altar of Cheibriados.
  5270 | D:4      | Reached skill level 1 in Poison Magic
  5270 | D:4      | Reached XP level 6. HP: 32/32 MP: 14/17
  5482 | D:5      | Noticed an ice beast
  5506 | D:5      | Killed an ice beast
  5506 | D:5      | Reached skill level 1 in Air Magic
  5549 | D:5      | Noticed a giant frog
  5582 | D:5      | Noticed a centaur
  5586 | D:5      | Noticed nago's ghost (experienced OpBe)
  5964 | D:5      | Noticed a phantom
  5964 | D:5      | Noticed a centaur
  6237 | D:5      | Killed a phantom
  6385 | D:5      | Noticed a phantom
  6388 | D:5      | Slain by an adder

Vault maps used:
D:1:      minmay_arrival_radiant_lines, serial_curves, eino_curves_02,
          eino_curves_02, lemuel_flame_loot_1
D:2:      grunt_temple_overflow_open
D:4:      wad_woods_settlement, kennysheep_mini
D:5:      kennysheep_mini_moat, first_bread, serial_glass, glass_columns_a,
          glass_columns_c, trog_book

Action                   |  1- 3 |  4- 6 || total
-------------------------+-------+-------++-------
Melee: Dagger            |    16 |    65 ||    81
       Staff             |       |    27 ||    27
Throw: Stone             |    26 |       ||    26
       Tomahawk          |       |    27 ||    27
 Cast: Magic Dart        |   100 |    60 ||   160
       Call Imp          |     4 |     2 ||     6
       Blink             |     1 |     2 ||     3
       Conjure Flame     |     3 |     2 ||     5
       Mephitic Cloud    |     1 |    29 ||    30
Invok: Sacrifice Words   |       |     1 ||     1
Evoke: Wand              |       |     1 ||     1
  Use: Potion            |     1 |     6 ||     7
       Scroll            |     1 |    10 ||    11
 Stab: Confused          |       |    10 ||    10
       Sleeping          |       |     1 ||     1
  Eat: Chunk             |     1 |     5 ||     6
       Bread ration      |     1 |     1 ||     2
       Fruit             |       |     4 ||     4
       Pizza             |       |     1 ||     1
